 Dungeon Crawl Stone Soup version 0.31-a0-166-g46f44d267d (webtiles) character file.

Game seed: 18436065618223287930

671 qw the Chopper (level 7, 0/43 HPs)
             Began as a Gargoyle Fighter on June 13, 2023.
             Slain by a killer bee (2 damage)
             ... on level 5 of the Dungeon.
             The game lasted 00:01:31 (4168 turns).

qw the Chopper (Gargoyle Fighter)                   Turns: 4168, Time: 00:01:32

Health: 0/43       AC: 15    Str: 22    XL:     7   Next: 58%
Magic:  7/7        EV:  8    Int:  8    God:
Gold:   278        SH:  4    Dex:  9    Spells: 6/6 levels left

rFire   + . .        Y - +1 war axe
rCold   . . .        c - +0 buckler
rNeg    + . .        m - +0 chain mail
rPois   inf          (no helmet)
rElec   +            n - +0 cloak
rCorr   .            (no gloves)
SInv    .            (no boots)
Will    .....        (no amulet) Stlth
                     k - ring of protection from fire
HPRegen 0.27/turn    (no ring)
MPRegen 0.10/turn

%: no passive effects
@: no status effects
A: sickness immunity, AC +4, negative energy resistance 1, electricity
resistance, torment resistance 1, petrification resistance
a: no special abilities


You were on level 5 of the Dungeon.
You visited 1 branch of the dungeon, and saw 5 of its levels.

You collected 278 gold pieces.


Innate Abilities, Weirdness & Mutations

You are immune to sickness and miasma.
Your stone body is resilient. (AC +4)
You are immune to poison.
You resist negative energy. (rN+)
You are resistant to electric shocks. (rElec)
You are resistant to unholy torment.
You are immune to petrification.


   Skills:
 + Level 4.0 Fighting
 - Level 7.0 Axes
 - Level 3.2 Armour
 - Level 1.3 Dodging
 - Level 3.2 Shields


You had 6 spell levels left.
You didn't know any spells.
Your spell library was empty.

Inventory:

Hand Weapons
 h - a +1 hand axe of flaming
 Y - a +1 war axe (weapon)
Missiles
 l - 8 boomerangs (quivered)
Armour
 c - a +0 buckler (worn)
 m - a +0 chain mail (worn)
 n - a +0 cloak (worn)
Jewellery
 k - a ring of protection from fire (left hand)
Scrolls
 i - 2 scrolls of identify
Potions
 a - a potion of resistance
 b - a potion of degeneration {unknown}
 d - a potion of might
 e - a potion of lignification {unknown}
 f - 2 potions of curing
 g - a potion of heal wounds {unknown}
 j - a potion of mutation {unknown}
 o - a potion of ambrosia {unknown}

Dungeon Overview and Level Annotations

Branches:
Dungeon (5/15)
 Temple: D:4-7

Altars:
Nemelex Xobeh
Trog
Wu Jian

Annotations:
D:4 2 transporters, qw's ghost, amateur GrHu
D:5 Eustachio


Message History

The killer bee barely misses you. The killer bee closely misses you.
You hit the killer bee but do no damage.
The killer bee is severely wounded.
You closely miss the killer bee.
The killer bee stings you but does no damage. x2
Eustachio casts a spell.
The killer bee barely misses you.
The killer bee stings you but does no damage.
You closely miss the killer bee.
The killer bee is severely wounded.
You miss the killer bee.
The killer bee stings you but does no damage. x2
The killer bee stings you. The killer bee barely misses you.
You miss the killer bee.
The killer bee is severely wounded.
You closely miss the killer bee.
You block the killer bee's attack. x3; The killer bee barely misses you.
The crimson imp blinks!
You hit the killer bee but do no damage.
The killer bee is severely wounded.
You hit the killer bee but do no damage.
The killer bee barely misses you. The killer bee stings you.
You block the killer bee's attack.
The killer bee stings you but does no damage.
The killer bee misses you.
The killer bee stings you but does no damage.
You hit the killer bee but do no damage.
The killer bee is severely wounded.
You hit the killer bee.
The killer bee stings you but does no damage.
You block the killer bee's attack. The killer bee closely misses you.
The killer bee stings you.
Eustachio casts a spell.
Eustachio blinks!
You slash the killer bee!
You kill the killer bee!
You closely miss the killer bee. You block the killer bee's attack.
The killer bee stings you! The killer bee stings you. x2
You die...

#.# #.#
#.......#
#.
#.#######.#
#########
##
#.........#
#
#########.#
######
####.#
#.....
..#.#
#.###.
#$#.# #.
###5#.# #.
#..y@.#
....
#.#y###
.##. #. #.
.5 .. .5#
#.. ##. #.


You could see 2 killer bees, 2 crimson imps and an ufetubus (summoned).

Vanquished Creatures
  An ogre (D:5)
  A phantom (D:4)
  Blork the orc (D:5)
  2 scorpions (D:4)
  2 killer bees (D:5)
  2 hounds
  An iguana (D:5)
  A mummy (D:5)
  6 adders
  4 gnolls (D:4)
  A white imp (D:4)
  An ufetubus (D:4)
  A worm (D:3)
  6 dart slugs
  2 orcs
  7 ball pythons
  3 endoplasms
  2 giant cockroaches
  2 hobgoblins (D:1)
  2 jackals (D:2)
  9 kobolds
  5 quokkas
  5 bats
  6 frilled lizards
  3 goblins
  A hobgoblin zombie (D:5)
  A kobold zombie (D:5)
  2 orc zombies (D:5)
  4 rats
84 creatures vanquished.

Notes
Turn   | Place    | Note
-------+----------+-------------------------------------------
     0 | D:1      | qw the Gargoyle Fighter began the quest for the Orb.
     0 | D:1      | Reached XP level 1. HP: 14/14 MP: 1/1
     0 | D:1      | 0 ||| qw: Version: 0.2-a-29-gc1b59c4
     0 | D:1      | 0 ||| qw: Game counter: 4831
     0 | D:1      | 0 ||| qw: Always use a shield: true
     0 | D:1      | 0 ||| qw: God list: Okawaru
     0 | D:1      | 0 ||| qw: Allow faded altars: false
     0 | D:1      | 0 ||| qw: Do Orc after D:15 true
     0 | D:1      | 0 ||| qw: Do second Lair branch before Depths: true
     0 | D:1      | 0 ||| qw: Lair rune preference: random
     0 | D:1      | 0 ||| qw: Plans: Normal, Zot:1-4, Slime:5, God:TSO, Crypt,
                  | Tomb, Abyss, Pan, Hells, Win
     0 | D:1      | 0 ||| PLANNING D:1-11
    26 | D:1      | 26 ||| Stepping ~*~*~tactically~*~*~ (hiding).
    27 | D:1      | 27 ||| Stepping ~*~*~tactically~*~*~ (hiding).
    33 | D:1      | Reached skill level 2 in Axes
    45 | D:1      | 45 ||| Stepping ~*~*~tactically~*~*~ (stealth).
    46 | D:1      | 46 ||| Stepping ~*~*~tactically~*~*~ (stealth).
   326 | D:1      | Reached XP level 2. HP: 19/19 MP: 2/2
   417 | D:1      | 417 ||| Stepping ~*~*~tactically~*~*~ (hiding).
   657 | D:1      | 657 ||| UPGRADING to ring of protection from fire.
   658 | D:1      | 658 ||| READING scroll labelled KEULAM CUITZ.
   701 | D:2      | 701 ||| STAIRDANCE
   744 | D:2      | Reached skill level 3 in Axes
   766 | D:2      | Reached XP level 3. HP: 21/23 MP: 3/3
   914 | D:2      | Found a bloodstained altar of Trog.
   922 | D:2      | 922 ||| Stepping ~*~*~tactically~*~*~ (stealth).
  1151 | D:2      | Reached XP level 4. HP: 28/28 MP: 4/4
  1358 | D:2      | 1358 ||| READING scroll labelled VYUTHI WIKU HIELL.
  1359 | D:2      | 1359 ||| READING scroll labelled GUVUTH ABUKIL.
  1360 | D:2      | 1360 ||| READING 2 scrolls labelled CEOXORH ELIF.
  1361 | D:2      | 1361 ||| READING scroll labelled XUPNAM DEENID.
  1384 | D:3      | 1384 ||| PLANNING SEWER
  1397 | D:3      | 1397 ||| Stepping ~*~*~tactically~*~*~ (hiding).
  1414 | D:3      | 1414 ||| Stepping ~*~*~tactically~*~*~ (stealth).
  1449 | D:3      | Reached skill level 4 in Axes
  1691 | D:3      | 1691 ||| Stepping ~*~*~tactically~*~*~ (hiding).
  2009 | D:3      | 2009 ||| RIP SEWER
  2038 | D:3      | 2038 ||| PLANNING D:1-11
  2185 | D:3      | Found an ornate altar of the Wu Jian Council.
  2516 | D:3      | 2516 ||| READING scroll labelled RAIM ZATRO.
  2608 | D:4      | Found a sparkling altar of Nemelex Xobeh.
  2631 | D:4      | Reached XP level 5. HP: 17/32 MP: 5/5
  2635 | D:4      | HP: 6/32 [gnoll/+0 flail (5)]
  2749 | D:4      | Noticed a phantom
  2757 | D:4      | Killed a phantom
  2758 | D:4      | Reached skill level 5 in Axes
  2771 | D:4      | 2771 ||| DROPPING +0 club.
  2783 | D:4      | 2783 ||| DROPPING +0 flail.
  2804 | D:4      | Reached XP level 6. HP: 28/37 MP: 6/6
  3018 | D:4      | Reached skill level 1 in Dodging
  3042 | D:4      | Found a transporter.
  3045 | D:4      | Noticed qw's ghost (amateur GrHu)
  3046 | D:4      | Found a transporter.
  3469 | D:4      | 3469 ||| UPGRADING to +0 chain mail.
  3479 | D:4      | 3479 ||| DROPPING +0 scale mail.
  3480 | D:4      | 3480 ||| UPGRADING to +0 cloak.
  3485 | D:4      | 3485 ||| DROPPING amulet of magic regeneration.
  3486 | D:4      | 3486 ||| DRINKING 3 grey potions.
  3487 | D:4      | 3487 ||| READING 3 scrolls of identify.
  3487 | D:4      | 3487 ||| IDENTIFYING glowing amethyst potion
  3488 | D:4      | 3488 ||| READING 2 scrolls of identify.
  3488 | D:4      | 3488 ||| IDENTIFYING black potion
  3489 | D:4      | 3489 ||| DROPPING potion of invisibility.
  3522 | D:5      | Entered Level 5 of the Dungeon
  3554 | D:5      | Reached skill level 6 in Axes
  3600 | D:5      | Reached XP level 7. HP: 33/43 MP: 7/7
  3693 | D:5      | Noticed Blork the orc
  3694 | D:5      | 3694 ||| Stepping ~*~*~tactically~*~*~ (hiding).
  3695 | D:5      | 3695 ||| Stepping ~*~*~tactically~*~*~ (hiding).
  3701 | D:5      | Killed Blork the orc
  3888 | D:5      | 3888 ||| Stepping ~*~*~tactically~*~*~ (stealth).
  4149 | D:5      | Noticed Eustachio
  4154 | D:5      | Reached skill level 7 in Axes
  4168 | D:5      | HP: 4/43 [killer bee (7)]
  4168 | D:5      | Slain by a killer bee

Levels and vault maps discovered:
D:1:      wander_arrival_chamber, layout_loops_ring
D:2:      layout_loops_ring, basic_altar, grunt_ministairs_3
D:3:      layout_basic, nicolae_wu_jian_immortal_techniques,
          portal_sewer_entry_e, minivault_14
D:4:      layout_basic, mainiacjoe_overflow_concentric_impassable,
          gammafunk_ghost_mausoleum
D:5:      layout_loops_cross, palyth_stone_intersect, minmay_mini_ossuary,
          uniq_crazy_yiuf_cottage, uniq_blork_the_orc, uniq_eustachio

Skill      XL: |  1  2  3  4  5  6  7 |
---------------+----------------------+-----
Axes           | 2 3 4 5 6 7 |  7.0
Fighting       | 4 |  4.0
Dodging        | 1 |  1.3
Armour         | |  3.2
Shields        | |  3.2

Action                     |  1- 3 |  4- 6 |  7- 9 || total
---------------------------+-------+-------+-------++-------
  Melee: War axe           |    63 |   103 |    38 ||   204
  Throw: Javelin           |    10 |       |       ||    10
         Boomerang         |    24 |    71 |    16 ||   111
    Use: Scroll            |     1 |     7 |       ||     8
         Potion            |       |     1 |       ||     1
 Armour: Scale mail        |    34 |    48 |       ||    82
         Chain mail        |       |     3 |    34 ||    37
  Dodge: Dodged            |    33 |    44 |    37 ||   114
  Block: Buckler           |    16 |    20 |    15 ||    51

Table legend:
 A = Non-vault XP
 B = Vault XP
 C = Vault XP percentage of total XP
 D = Non-vault monster count
 E = Vault monster count
 F = Vault count percentage of total count
                 A         B        C        D         E       F
            +---------+---------+-------+---------+---------+-------
      Total |     897 |     121 |  11.9 |      76 |       8 |   9.5
            +---------+---------+-------+---------+---------+-------
        D:1 |      26 |       3 |  10.3 |      12 |       2 |  14.3
        D:2 |      61 |       0 |   0.0 |      21 |       0 |   0.0
        D:3 |      51 |       0 |   0.0 |      18 |       0 |   0.0
        D:4 |     426 |       0 |   0.0 |      19 |       0 |   0.0
        D:5 |     333 |     118 |  26.2 |       6 |       6 |  50.0
            +---------+---------+-------+---------+---------+-------
